 Dungeon Crawl Stone Soup version 0.28-a0-919-g0b5b508569 (webtiles) character file.

Game seed: 3862658931308859939

949 croobank the Poker (level 8, -12/67 HPs)
             Began as a Gnoll Cinder Acolyte on Nov 25, 2021.
             Was a High Priest of Ignis.
             Mangled by Pikel (14 damage)
             ... on level 5 of the Dungeon.
             The game lasted 00:26:52 (4467 turns).

croobank the Poker (Gnoll Cinder Acolyte)           Turns: 4467, Time: 00:26:52

Health: -12/67     AC:  3    Str: 15    XL:     8   Next: 13%
Magic:  6/14       EV: 12    Int: 13    God:    Ignis [*****.]
Gold:   191        SH:  0    Dex:  9    Spells: 9/15 levels left

rFire   + + .      SeeInvis .   a - +0 trident
rCold   . . .      Faith    .   (no shield)
rNeg    . . .      Spirit   .   o - +0 leather armour {rF+}
rPois   .          Reflect  .   (no helmet)
rElec   .          Harm     .   (no cloak)
rCorr   .          Rampage  .   (no gloves)
Will    .....                   (no boots)
Stlth   ++........              i - amulet of regeneration
HPRegen 1.01/turn               k - ring of flight
MPRegen 0.14/turn               (no ring)

@: flying
A: fangs 1, strong nose, distributed training
a: Renounce Religion, Fiery Armour, Foxfire Swarm, Rising Flame


You were on level 5 of the Dungeon.
You worshipped Ignis.
Ignis was extremely pleased with you.
You visited 1 branch of the dungeon, and saw 5 of its levels.

You collected 191 gold pieces.

Inventory:

Hand Weapons
 a - a +0 trident (weapon)
 b - a +0 hunting sling
 d - a +0 mace
 e - a +0 short sword
 n - a +0 flail
 p - a +0 dagger of venom
 q - a +0 spear of flaming
Missiles
 c - 4 boomerangs
 g - 44 sling bullets
 r - 50 stones
 u - 27 poisoned darts
Armour
 l - a +0 ring mail
 o - a +0 leather armour of fire resistance (worn)
Jewellery
 i - an amulet of regeneration (around neck)
 k - a ring of flight (left hand)
Scrolls
 j - 3 scrolls of silence
 m - a scroll of amnesia
Potions
 f - 2 potions of brilliance
 h - a potion of invisibility {unknown}
 s - a potion of attraction {unknown}
 t - a potion of berserk rage {unknown}


   Skills:
 + Level 7.2 Fighting
 + Level 3.0 Short Blades
 + Level 3.0 Long Blades
 + Level 3.0 Axes
 + Level 3.0 Maces & Flails
 + Level 7.2 Polearms
 + Level 3.0 Staves
 + Level 3.0 Slings
 + Level 3.0 Bows
 + Level 3.0 Crossbows
 + Level 3.0 Throwing
 + Level 3.0 Armour
 + Level 3.0 Dodging
 + Level 3.0 Stealth
 + Level 3.0 Shields
 + Level 3.0 Unarmed Combat
 + Level 4.1 Spellcasting
 + Level 2.4 Conjurations
 + Level 2.4 Hexes
 + Level 2.4 Summonings
 + Level 2.4 Necromancy
 + Level 2.4 Translocations
 + Level 2.4 Transmutations
 + Level 6.0 Fire Magic
 + Level 2.4 Ice Magic
 + Level 2.4 Air Magic
 + Level 2.4 Earth Magic
 + Level 2.4 Poison Magic
 + Level 3.3 Invocations
 + Level 3.0 Evocations


You had 9 spell levels left.
You knew the following spells:

 Your Spells              Type           Power      Damage    Failure   Level
a - Scorch                Fire           36%        2d6       3%          2
b - Ensorcelled Hibernat  Hex/Ice        18%        N/A       14%         2
c - Beastly Appendage     Tmut           18%        N/A       10%         1
d - Sandblast             Erth           18%        2d7       10%         1

Your spell library contained the following spells:

 Spells                   Type           Power      Damage    Failure   Level
 Animate Skeleton         Necr           18%        N/A       10%         1
 Apportation              Tloc           18%        N/A       10%         1
 Summon Small Mammal      Summ           36%        N/A       10%         1
 Passwall                 Tmut/Erth      7%         N/A       14%         2
 Wereblood                Tmut           9%         N/A       14%         2
 Spider Form              Tmut/Pois      9%         N/A       28%         3
 Stone Arrow              Conj/Erth      18%        3d8       28%         3
 Animate Dead             Necr           4%         N/A       67%         4
 Haunt                    Necr/Summ      4%         N/A       100%        7
 Infestation              Necr           4%         N/A       100%        8


Dungeon Overview and Level Annotations

Branches:
Dungeon (5/15)
 Temple: D:4-7

Altars:
Okawaru
Ru
Trog

Annotations:
D:5 Pikel


Innate Abilities, Weirdness & Mutations

You have very sharp teeth.
Your uncanny sense of smell can sniff out nearby items.
Your experience applies equally to all skills.


Message History

The lemure misses you.
Pikel hits you with a +2 whip of electrocution.
You closely miss Pikel.
Pikel is severely wounded.
The lemure hits you.
Pikel hits you with a +2 whip of electrocution!
* * * LOW HITPOINT WARNING * * *
Casting: Scorch (safe; 3% risk of failure)
Confirm with . or Enter, or press ? or * to list all spells.
Flames lash the lemure.
The lemure is heavily wounded.
The lemure's fire resistance burns away.
The lemure hits you.
* * * LOW HITPOINT WARNING * * *
Pikel hits you with a +2 whip of electrocution.
* * * LOW HITPOINT WARNING * * *
Okay, then.
Okay, then.
Okay, then.
Casting: Scorch (safe; 3% risk of failure)
Confirm with . or Enter, or press ? or * to list all spells.
Flames lash the lemure.
The lemure is lightly wounded.
The lemure's fire resistance burns away.
The lemure hits you.
* * * LOW HITPOINT WARNING * * *
Casting: Scorch (safe; 3% risk of failure)
Confirm with . or Enter, or press ? or * to list all spells.
Flames lash the lemure.
The lemure is burned terribly!
The lemure is almost dead.
The lemure is no longer more vulnerable to fire. x2
Pikel hits you with a +2 whip of electrocution.
* * * LOW HITPOINT WARNING * * *
The lemure hits the fungus.
The fungus begins to die.
The lemure hits the fungus.
The fungus begins to die.
The lemure hits the fungus.
The fungus begins to die.
Pikel hits you with a +2 whip of electrocution.
* * * LOW HITPOINT WARNING * * *
You are electrocuted!
You die...

....# #5 ....# ######.
)..># .......#### .?..#
#....## #.###
#####..#.5### #.####
#......5.5..#
.....#.#.P.PPPPP5P.#
####.#..........KP.#
#.###.P.P...P@P.#
..##.###...P._.P.P.# ###
#......)...P...P.P.#######
##.##
...#(###.........P.......#
##...# .....#
#.P.PPPPP.P.#####=###.....
#.#### #...........#
#......... #.
####.#.....## #####..... .
∆ #####.#.....# ##...# .
#...........# ##.##


You could see Pikel and 4 lemures.

Vanquished Creatures
  An ogre (D:5)
  A necrophage (D:5)
  A phantom (D:2)
  A bullfrog (D:3)
  2 scorpions (D:5)
  A centaur zombie (D:5)
  2 hounds
  A jelly (D:4)
  3 bullfrog skeletons (D:5)
  A gnoll shaman (D:4)
  5 orc wizards
  3 gnolls (D:3)
  5 adders
  3 dart slugs
  7 orcs
  2 ball pythons (D:1)
  5 bats
  7 endoplasms
  5 goblins
  8 hobgoblins
  12 jackals
  5 kobolds
  3 quokkas
  2 frilled lizards
  A rat (D:2)
87 creatures vanquished.

Vanquished Creatures (others)
  4 fungi (D:5)
4 creatures vanquished.

Grand Total: 91 creatures vanquished

Notes
Turn   | Place    | Note
-------+----------+-------------------------------------------
     0 | D:1      | croobank the Gnoll Cinder Acolyte began the quest for the
                  | Orb.
     0 | D:1      | Reached XP level 1. HP: 23/23 MP: 4/4
   152 | D:1      | Reached XP level 2. HP: 29/29 MP: 5/5
   583 | D:1      | Learned a level 2 spell: Scorch
   749 | D:1      | Reached XP level 3. HP: 28/35 MP: 7/7
  1045 | D:1      | Found a faded altar of an unknown god.
  1309 | D:2      | Learned a level 2 spell: Ensorcelled Hibernation
  1425 | D:2      | Noticed a phantom
  1428 | D:2      | Reached skill level 1 in Invocations
  1447 | D:2      | Reached skill level 1 in Short Blades
  1447 | D:2      | Reached skill level 1 in Long Blades
  1447 | D:2      | Reached skill level 1 in Axes
  1447 | D:2      | Reached skill level 1 in Maces & Flails
  1447 | D:2      | Reached skill level 1 in Staves
  1447 | D:2      | Reached skill level 1 in Slings
  1447 | D:2      | Reached skill level 1 in Bows
  1447 | D:2      | Reached skill level 1 in Crossbows
  1447 | D:2      | Reached skill level 1 in Throwing
  1447 | D:2      | Reached skill level 1 in Armour
  1447 | D:2      | Reached skill level 1 in Dodging
  1447 | D:2      | Reached skill level 1 in Stealth
  1447 | D:2      | Reached skill level 1 in Shields
  1447 | D:2      | Reached skill level 1 in Unarmed Combat
  1447 | D:2      | Reached skill level 1 in Evocations
  1447 | D:2      | Reached XP level 4. HP: 20/41 MP: 0/8
  1469 | D:2      | Killed a phantom
  1470 | D:2      | Reached skill level 1 in Conjurations
  1470 | D:2      | Reached skill level 1 in Hexes
  1470 | D:2      | Reached skill level 1 in Summonings
  1470 | D:2      | Reached skill level 1 in Necromancy
  1470 | D:2      | Reached skill level 1 in Translocations
  1470 | D:2      | Reached skill level 1 in Transmutations
  1470 | D:2      | Reached skill level 1 in Ice Magic
  1470 | D:2      | Reached skill level 1 in Air Magic
  1470 | D:2      | Reached skill level 1 in Earth Magic
  1470 | D:2      | Reached skill level 1 in Poison Magic
  1470 | D:2      | Reached XP level 5. HP: 32/47 MP: 9/9
  2151 | D:3      | Found a sacrificial altar of Ru.
  2462 | D:3      | Reached XP level 6. HP: 50/53 MP: 3/11
  3189 | D:4      | Found a bloodstained altar of Trog.
  3786 | D:5      | Entered Level 5 of the Dungeon
  3786 | D:5      | Noticed a necrophage
  3794 | D:5      | Killed a necrophage
  3795 | D:5      | Reached XP level 7. HP: 50/60 MP: 3/12
  3806 | D:5      | Learned a level 1 spell: Beastly Appendage
  3808 | D:5      | Learned a level 1 spell: Sandblast
  4189 | D:5      | Found an iron altar of Okawaru.
  4225 | D:5      | Reached XP level 8. HP: 48/67 MP: 3/14
  4443 | D:5      | Noticed Pikel
  4467 | D:5      | HP: 2/67 [Pikel (6)]
  4467 | D:5      | Mangled by Pikel

Illustrated notes

Levels and vault maps discovered:
D:1:      lightli_arrival_maybe_door_vault, layout_loops_corners,
          shapermc_ecumenical_altar_petra
D:2:      layout_rooms
D:3:      layout_basic, lemuel_tele_altar
D:4:      layout_layer_cave, kennysheep_little_box
D:5:      layout_loops_cross, mainiacjoe_overflow_cross_hatched, uniq_menkaure,
          uniq_pikel

Skill      XL: |  1  2  3  4  5  6  7  8 |
---------------+-------------------------+-----
Invocations    | 1 2 3 |  3.3
Short Blades   | 1 2 3 |  3.0
Long Blades    | 1 2 3 |  3.0
Axes           | 1 2 3 |  3.0
Maces & Flails | 1 2 3 |  3.0
Staves         | 1 2 3 |  3.0
Slings         | 1 2 3 |  3.0
Bows           | 1 2 3 |  3.0
Crossbows      | 1 2 3 |  3.0
Throwing       | 1 2 3 |  3.0
Armour         | 1 2 3 |  3.0
Dodging        | 1 2 3 |  3.0
Stealth        | 1 2 3 |  3.0
Shields        | 1 2 3 |  3.0
Unarmed Combat | 1 2 3 |  3.0
Evocations     | 1 2 3 |  3.0
Spellcasting   | 3 4 |  4.1
Conjurations   | 1 2 |  2.4
Hexes          | 1 2 |  2.4
Summonings     | 1 2 |  2.4
Necromancy     | 1 2 |  2.4
Translocations | 1 2 |  2.4
Transmutations | 1 2 |  2.4
Ice Magic      | 1 2 |  2.4
Air Magic      | 1 2 |  2.4
Earth Magic    | 1 2 |  2.4
Poison Magic   | 1 2 |  2.4
Fighting       | 7 |  7.2
Polearms       | 7 |  7.2
Fire Magic     | 6 |  6.0

Action                   |  1- 3 |  4- 6 |  7- 9 || total
-------------------------+-------+-------+-------++-------
Melee: Spear             |    74 |    73 |       ||   147
       Bite              |     5 |     7 |    10 ||    22
       Trident           |       |       |   104 ||   104
       Punch             |       |       |     1 ||     1
 Fire: Hunting sling     |       |    16 |    14 ||    30
 Cast: Scorch            |    15 |    42 |    23 ||    80
       Sandblast         |       |       |     5 ||     5
  Use: Scroll            |     4 |     4 |       ||     8
       Potion            |     1 |     5 |     2 ||     8
Armor: Robe              |     9 |     2 |       ||    11
       Leather armour    |       |    16 |    27 ||    43
Dodge: Dodged            |    37 |    73 |    48 ||   158

Table legend: (Time is in decaauts)
 A = Elapsed time spent in this place.
 B = Non-inter-level travel time spent in this place.
 C = Inter-level travel time spent in this place.
 D = Time resting spent in this place.
 E = Time spent auto-exploring this place.
 F = Levels seen in this place.
 G = Mean time per level.
                   A        B        C        D        E       F      G
               +--------+--------+--------+--------+--------+-----+--------+
         Total |   4428 |   4318 |    110 |    327 |   3039 |   5 |  885.6 |
       Dungeon |   4428 |   4318 |    110 |    327 |   3039 |   5 |  885.6 |
               +--------+--------+--------+--------+--------+-----+--------+

Top non-repeatable levels by time:
     D:1: 1272 daAuts
     D:4: 958 daAuts
     D:3: 873 daAuts
     D:5: 673 daAuts
     D:2: 650 daAuts
